 Dungeon Crawl Stone Soup version 0.31-a0-277-g31ea1f6 (webtiles) character file.

Game seed: 15166505160080372478

42 Dawnplanks the Caller (level 3, -1/24 HPs)
             Began as a Merfolk Summoner on July 15, 2023.
             Succumbed to Sigmund's poison
             ... on level 2 of the Dungeon.
             The game lasted 00:07:01 (1549 turns).

Dawnplanks the Caller (Merfolk Summoner)            Turns: 1549, Time: 00:07:01

Health: -1/24      AC:  2    Str:  5 (8)  XL:     3   Next: 56%
Magic:  1/7        EV: 12    Int: 13 (16) God:
Gold:   58         SH:  0    Dex: 12 (14) Spells: 4/7 levels left

rFire   . . .        g - staff of cold
rCold   + . .        (no shield)
rNeg    . . .        a - +0 robe
rPois   .            (no helmet)
rElec   .            (no cloak)
rCorr   .            (no gloves)
SInv    .            (no boots)
Will    .....        (no amulet)
Stlth   ++           (no ring)
HPRegen 0.24/turn    (no ring)
MPRegen 0.10/turn

%: no passive effects
@: brilliant, lethally poisoned (-1 -> -9)
A: (nimble swimmer 2), mertail
a: no special abilities


You were on level 2 of the Dungeon.
You visited 1 branch of the dungeon, and saw 2 of its levels.

You collected 58 gold pieces.

Inventory:

Armour
 a - a +0 robe (worn)
Magical Staves
 g - a staff of cold (weapon)
Scrolls
 d - a scroll of identify {unknown}
Potions
 b - a potion of magic
 f - a potion of lignification {unknown}
 h - a potion of attraction {unknown}


   Skills:
 + Level 2.7 Dodging
 + Level 2.3 Stealth
 + Level 2.8 Spellcasting
 + Level 4.5 Summonings


You had 4 spell levels left.
You knew the following spells:

 Your Spells              Type           Power      Damage    Failure   Level
a - Summon Small Mammal   Summ           80%        N/A       3%          1
b - Call Imp              Summ           40%        N/A       5%          2

Your spell library contained the following spells:

 Spells                   Type           Power      Damage    Failure   Level
 Call Canine Familiar     Summ           20%        N/A       11%         3
 Summon Guardian Golem    Hex/Summ       11%        N/A       26%         3
 Summon Lightning Spire   Summ/Air       11%        N/A       65%         4


Dungeon Overview and Level Annotations

Branches:
Dungeon (2/15)

Altars:

Annotations:
D:2 Sigmund


Innate Abilities, Weirdness & Mutations

((You are very nimble when in or above water. (Stealth+, EV+, Speed+++)))
Your lower body shifts to a powerful aquatic tail in water.


Message History

Sigmund points at you and mumbles some strange words.
The puff of flame hits your cerulean imp!
Your cerulean imp dies!
Your cerulean imp disappears in a puff of smoke!
A tiny devil pulls itself out of the air.
Your bat closely misses Sigmund.
Your bat hits Sigmund but does no damage.
Sigmund gestures at you while chanting.
Your bat resists with significant effort.
Your bat hits Sigmund but does no damage.
Your bat closely misses Sigmund.
Sigmund hits your bat with a +1 scythe of venom!
Your bat dies!
Your bat's corpse disappears in a puff of smoke!
Your cerulean imp barely misses Sigmund.
Your cerulean imp barely misses Sigmund.
Sigmund closely misses you.
Your cerulean imp barely misses Sigmund.
Your cerulean imp misses Sigmund.
Sigmund hits you from afar with a +1 scythe of venom!
You are lethally poisoned!
You feel very sick.
Your cerulean imp barely misses Sigmund.
* * * LOW HITPOINT WARNING * * *
You feel very sick. Something hits your cerulean imp.
Your cerulean imp is poisoned.
There is a lethal amount of poison in your body!
It was a potion of brilliance.
You feel clever all of a sudden.
* * * LOW HITPOINT WARNING * * *
You feel very sick.
* * * LOW HITPOINT WARNING * * *
You feel sick.
Your cerulean imp hits Sigmund with a -3 spear.
Sigmund closely misses your cerulean imp.
It was a potion of degeneration.
There was something very wrong with that liquid.
You feel weakened.
You feel dopey.
You feel clumsy.
You die...

#####.#####.##.# #...#.#
..#.##.#
#.#.#.#.#.#.##.#
#.#.#.#.#.#.##.#
#.#######.#.#.#.#.#.##.#
.>....@.#.#.#.#.#.#.##.#
#.#####5#.#.#.#.#.#.##.#
#.....#.#.#...#.##.#
#.#@###.#.#.#.#.##.#
#...#...#.....#.##.#
#######.####.##.##.#
...........)....##.#
#######.####.#####.# #.#
#.# #.# #.# #.# #.# #.#
#.# #.# #.# #.# #.#


You could see Sigmund (ally target) and a friendly cerulean imp (summoned, very
poisoned).

Vanquished Creatures
  A giant cockroach (D:1)
1 creature vanquished.

Vanquished Creatures (collateral kills)
  An adder (D:2)
  A dart slug (D:1)
  3 endoplasms (D:1)
  A giant cockroach (D:1)
  7 hobgoblins (D:1)
  4 kobolds
  A quokka (D:1)
  A ball python (D:1)
  3 bats (D:1)
  3 frilled lizards (D:1)
  2 rats (D:1)
27 creatures vanquished.

Grand Total: 28 creatures vanquished

Notes
Turn   | Place    | Note
-------+----------+-------------------------------------------
     0 | D:1      | Dawnplanks the Merfolk Summoner began the quest for the
                  | Orb.
     0 | D:1      | Reached XP level 1. HP: 13/13 MP: 3/3
   273 | D:1      | Reached XP level 2. HP: 19/19 MP: 0/5
   360 | D:1      | Learned a level 2 spell: Call Imp
   811 | D:1      | Found a faded altar of an unknown god.
   819 | D:1      | Reached XP level 3. HP: 24/24 MP: 2/6
  1518 | D:2      | Noticed Sigmund
  1548 | D:2      | HP: 1/24 [poisoned by Sigmund]
  1549 | D:2      | Succumbed to Sigmund's poison

Illustrated notes

Levels and vault maps discovered:
D:1:      dpeg_arrival_circle_labyrinth_a, layout_basic,
          ebering_ecumenical_altar_sacrificial, kennysheep_minor_cross,
          chequers_big_river, grunt_decor_resistance
D:2:      layout_basic, uniq_sigmund

Action                     || total
---------------------------++-------
  Melee: Unarmed           ||    21
         Punch             ||     1
   Cast: Summon Small Mamm ||    30
         Call Imp          ||    23
    Use: Potion            ||     2
 Armour: Robe              ||     9
  Dodge: Dodged            ||    34

Table legend: (Time is in decaauts)
 A = Elapsed time spent in this place.
 B = Non-inter-level travel time spent in this place.
 C = Inter-level travel time spent in this place.
 D = Time resting spent in this place.
 E = Time spent auto-exploring this place.
 F = Levels seen in this place.
 G = Mean time per level.
                   A        B        C        D        E       F      G
               +--------+--------+--------+--------+--------+-----+--------+
         Total |   1537 |   1526 |     11 |      0 |   1151 |   2 |  768.5 |
       Dungeon |   1537 |   1526 |     11 |      0 |   1151 |   2 |  768.5 |
               +--------+--------+--------+--------+--------+-----+--------+

Top non-repeatable levels by time:
     D:1: 1331 daAuts
     D:2: 206 daAuts
